Map: King's Cove LE

Players

NORTHAMERICA - Winner!

  • Race: Protoss Protoss
  • League: Grandmaster
  • Spawn Location: 11:00

llllllllllll

  • Race: Zerg Zerg
  • League: Grandmaster
  • Spawn Location: 5:00

VOD

Have the link to the VOD?

Description

Time

  • Played on: Feb. 25, 2019, 12:02 a.m.
  • Length: 6:18
Show
View Real Time Build Order
Export as new Build Order

NORTHAMERICA Protoss - Winner!

Build Orders: 1 Gate Expand 

Get SALT Encoding   

  12  0:01  Probe  
  13  0:13  Probe  
  14  0:19  Pylon  
  14  0:25  Probe  
  15  0:34  Probe  
  15  0:40  Gateway  
  16  0:43  Probe  
  17  0:50  Assimilator  
  17  0:52  Probe  
  18  1:04  Probe  
  19  1:23  Nexus  
  19  1:33  Cybernetics Core  
  19  1:36  Probe  
  20  1:42  Assimilator  
  20  1:48  Probe  
  20  1:51  Pylon  
  21  1:59  Adept  
  21  2:01  Probe  
  22  2:11  Warp Gate  
  22  2:13  Probe  
  25  2:19  Stalker  
  25  2:25  Probe  
  28  2:36  Probe  
  29  2:37  Probe  
  29  2:38  Robotics Facility  
  30  2:48  Probe  
  30  2:49  Probe  
  32  3:00  Probe  
  32  3:02  Gateway  
  32  3:03  Gateway  
  33  3:05  Probe  
  34  3:16  Warp Prism  
  34  3:18  Gateway  
  34  3:22  Probe  
  34  3:23  Gateway  
  37  3:32  Pylon  
  37  3:40  Pylon  
  37  3:43  Probe  
  37  3:44  Pylon  
  37  3:45  Probe  
  39  4:02  Stalker x3  
  45  4:14  Zealot  
  47  4:18  Stalker  
  47  4:20  Probe  
  47  4:22  Pylon  
  50  4:28  Stalker x2  
  50  4:29  Zealot  
  56  4:35  Stalker  
  58  4:41  Zealot  
  58  4:43  Zealot  
  62  4:59  Zealot x2  
  66  5:00  Zealot  
  66  5:01  Zealot x2  
  69  5:07  Probe  
  65  5:21  Zealot x2, Stalker  
  65  5:22  Zealot x2  
  67  5:38  Stalker  
  67  5:39  Stalker x2  
  71  5:43  Zealot  
  71  5:48  Zealot  
  69  5:53  Probe  
  69  5:54  Probe  
  67  5:57  Zealot x2  
  67  6:04  Zealot x2  
  67  6:11  Stalker  
Show
View Real Time Build Order
Export as new Build Order

llllllllllll Zerg 

Build Orders: Hatch First 

Get SALT Encoding   

  12  0:00  Drone  
  13  0:13  Overlord  
  13  0:18  Drone  
  14  0:31  Drone x2  
  16  0:50  Hatchery  
  16  0:56  Drone x2  
  17  1:01  Drone  
  18  1:10  Extractor  
  17  1:16  Spawning Pool  
  16  1:19  Drone  
  16  1:22  Drone  
  18  1:30  Drone  
  19  1:39  Drone  
  20  1:50  Hatchery  
  20  1:53  Drone  
  20  2:01  Drone  
  21  2:05  Queen  
  23  2:09  Drone  
  24  2:16  Drone  
  24  2:22  Pneumatized Carapace  
  25  2:26  Overlord  
  25  2:31  Drone  
  25  2:36  Zergling x4  
  28  2:46  Queen  
  28  2:48  Drone x3  
  33  2:55  Overlord  
  33  2:57  Drone  
  34  3:04  Queen  
  37  3:05  Drone  
  37  3:06  Drone  
  37  3:10  Drone  
  39  3:15  Queen  
  39  3:18  Drone  
  42  3:22  Drone  
  42  3:25  Drone x2  
  42  3:27  Drone  
  46  3:30  Overlord  
  46  3:35  Overlord  
  46  3:39  Queen, Drone  
  49  3:41  Drone  
  49  3:46  Overlord  
  50  3:49  Drone  
  50  3:50  Drone  
  52  3:56  Drone x4  
  52  3:58  Metabolic Boost  
  52  4:01  Extractor  
  52  4:02  Overlord  
  55  4:07  Drone  
  55  4:08  Overlord  
  56  4:10  Drone  
  56  4:13  Overlord  
  57  4:20  Roach Warren  
  57  4:21  Zergling x6  
  57  4:22  Zergling x2  
  60  4:26  Evolution Chamber  
  60  4:29  Zergling x2  
  60  4:30  Zergling x6  
  63  4:41  Zergling x14  
  70  4:47  Zergling x2  
  71  4:55  Zergling x14  
  74  5:01  Zergling x8  
  64  5:11  Roach x2  
  64  5:13  Roach  
  56  5:21  Roach x2  
  56  5:27  Queen x3, Roach  
  63  5:36  Roach x3  
  63  5:38  Ravager  
  65  5:44  Roach x3  
  70  5:54  Roach  
  64  5:57  Zergling x2  
Tags
 
Add a new tag
Caveats
  • Supply blocks, unpowered buildings, or Contaminate may cause inaccurate times.
  • Supply counts are checked every 10 seconds.